 Dungeon Crawl Stone Soup version 0.28-a0-1184-g53156a8862 (webtiles) character file.

Game seed: 3774006471220829539

4887 ytrimaz the Martial Artist (level 10, -6/81 HPs)
             Began as an Octopode Transmuter on Dec 18, 2021.
             Was an Elder of Jiyva.
             Shot with an arrow by a centaur (10 damage)
             ... on level 9 of the Dungeon.
             The game lasted 00:10:17 (8625 turns).

ytrimaz the Martial Artist (Octopode Transmuter)    Turns: 8625, Time: 00:10:18

Health: -6/81      AC:  7    Str:  9    XL:     10   Next: 50%
Magic:  30/30      EV: 15    Int: 20    God:    Jiyva [****..]
Gold:   285        SH:  0    Dex: 13    Spells: 10/23 levels left

rFire   x . .      SeeInvis .     - Unarmed
rCold   + + +      Faith    .   (shield currently unavailable)
rNeg    . . .      Spirit   .   (helmet currently unavailable)
rPois   +          Reflect  .   b - amulet of the acrobat
rElec   .          Harm     .   g - ring of magical power
rCorr   +          Rampage  .   p - +4 ring of evasion
Will    .....                   n - ring of poison resistance
Stlth   +.........              (no ring)
HPRegen 1.51/turn               (no ring)
MPRegen 0.62/turn               (no ring)
                                (no ring)
                                (no ring)

@: ice-form, wereblooded, slowed, very slow
A: freezing attack, boosted hp, almost no armour, amphibious, 8 rings, large,
(camouflage 3), (gelatinous body 1), (nimble swimmer 1), (tentacles), (eyeballs
2)
a: End Transformation, Renounce Religion, Oozemancy, Slimify


You were on level 9 of the Dungeon.
You worshipped Jiyva.
Jiyva was greatly pleased with you.
You were a creature of crystalline ice.
You visited 2 branches of the dungeon, and saw 10 of its levels.

You collected 285 gold pieces.

Inventory:

Missiles
 k - a throwing net
Jewellery
 b - an amulet of the acrobat (around neck)
 g - a ring of magical power (left front paw)
 n - a ring of poison resistance (on tentacle)
 p - a +4 ring of evasion (right front paw)
Wands
 j - a wand of paralysis (5)
 l - a wand of acid (10)
 q - a wand of charming (5)
 r - a wand of mindburst (5)
Scrolls
 d - 4 scrolls of teleportation
 i - a scroll of fog
 s - a scroll of enchant weapon
Potions
 a - a potion of flight
 c - 2 potions of curing
 e - a potion of magic
 f - 4 potions of mutation
 h - a potion of invisibility
 m - a potion of haste {unknown}
 o - a potion of heal wounds {unknown}


   Skills:
 * Level 5.9 Fighting
 + Level 4.1 Dodging
 + Level 8.4 Unarmed Combat
 * Level 7.4 Spellcasting
 * Level 7.2 Transmutations
 - Level 4.0 Poison Magic


You had 10 spell levels left.
You knew the following spells:

 Your Spells              Type           Power      Damage    Failure   Level
a - Ozocubu's Armour      Ice            7%         N/A       26%         3
b - Wereblood             Tmut           36%        N/A       1%          2
c - Spider Form           Tmut/Pois      29%        N/A       2%          3
d - Ice Form              Ice/Tmut       21%        N/A       21%         4
e - Beastly Appendage     Tmut           72%        N/A       1%          1

Your spell library contained the following spells:

 Spells                   Type           Power      Damage    Failure   Level
 Ensorcelled Hibernation  Hex/Ice        14%        N/A       14%         2
 Shatter                  Erth           3%         3d7*      100%        9


Dungeon Overview and Level Annotations

Branches:
Dungeon (9/15)             Temple (1/1) D:4
   Lair: D:8-11         Orc: D:9-12

Altars:
Ashenzari
Cheibriados
Dithmenos
Elyvilon
Gozag
Hepliaklqana
Kikubaaqudgha
Makhleb
Nemelex Xobeh
Okawaru
Ru
Sif Muna
Trog
Vehumet
Wu Jian
Xom
Yredelemnul
Zin
The Shining One
Jiyva

Shops:
D:1 [   D:4 =[   D:5 (


Innate Abilities, Weirdness & Mutations

You are a creature of crystalline ice.
You have a powerful freezing melee attack.
Your maximum health is increased.
Your armour is entirely melded.
You are incapable of wielding weapons or throwing items.
You cannot wear most types of armour.
You are amphibious.
You can wear up to eight rings at the same time.
((Your skin perfectly mimics your surroundings (Stealth+++).))
((Your rubbery body absorbs attacks. (AC +1, EV +1)))
((You are camouflaged near water. (Stealth+)))
((You have tentacles for arms and can constrict up to eight enemies at once.))
((Your body has grown many eyes which may confuse attackers. (Acc +5)))


Message History

You feel as though you will be slow longer.
The wight closely misses you.
The centaur shoots an arrow.
The arrow closely misses you. The wraith completely misses you.
You punch the wight!
You feel a bit better.
You destroy the wight!
The centaur shoots an arrow.
The arrow hits you!
* * * LOW HITPOINT WARNING * * *
The wraith closely misses you.
The centaur shoots an arrow.
The arrow hits you.
* * * LOW HITPOINT WARNING * * *
Your life force feels restored.
Unknown command.
You howl as the wereblood boils in your veins!
The centaur shoots an arrow.
The arrow completely misses you.
The centaur shoots an arrow.
The arrow completely misses you.
The centaur shoots an arrow.
The arrow completely misses you. The wraith barely misses you.
The centaur shoots an arrow.
The arrow completely misses you.
The centaur shoots an arrow.
The arrow barely misses you.
You howl as the wereblood boils in your veins!
The centaur shoots an arrow.
The arrow misses you. The wraith closely misses you.
Unknown command.
Unknown command.
You hit the wraith but do no damage.
The wraith is lightly damaged.
The wraith hits you.
* * * LOW HITPOINT WARNING * * *
The centaur shoots an arrow.
The arrow barely misses you. The wraith hits you.
* * * LOW HITPOINT WARNING * * *
The wraith drains your vigour!
You feel as though you will be slow longer.
You feel better.
The centaur shoots an arrow.
The arrow hits you!
* * * LOW HITPOINT WARNING * * *
The wraith misses you.
The centaur shoots an arrow.
The arrow hits you!
* * * LOW HITPOINT WARNING * * *
Unknown command.
You barely miss the wraith.
The wraith is lightly damaged.
The centaur shoots an arrow.
The arrow hits you!
You die...

#....≈≈≈≈..≈≈.≈≈≈≈
#####≈≈≈≈..≈≈.≈≈≈≈
#≈≈≈≈)†≈≈.≈≈≈≈
#≈≈≈≈....?≈≈≈≈
#≈≈≈≈.≈≈≈....?
#≈≈≈≈...≈.≈≈≈≈
#≈≈≈≈z≈.≈.≈≈≈≈
#W≈≈≈≈≈.≈.....
#Y≈≈≈≈c.≈≈≈≈≈≈
#≈≈≈≈≈≈......≈
#≈≈≈≈≈≈≈≈≈≈≈.≈
#≈≈≈≈≈≈≈≈≈≈≈.
#≈≈≈≈≈≈≈≈≈≈≈
#≈≈≈≈≈≈≈≈≈≈
#≈≈≈≈≈≈≈≈≈
#########


You could see a wraith, a centaur and a wight.

Vanquished Creatures
  2 two-headed ogres (D:8)
  A cyclops (D:7)
  A gargoyle (D:8)
  Prince Ribbit (D:6)
  2 wyverns
  Edmund (D:4)
  A water moccasin (D:6)
  An orc warrior (D:8)
  An ice beast (D:8)
  A hornet zombie (D:9)
  A sky beast (D:5)
  3 necrophages
  2 centaurs
  2 ogres
  A kobold brigand (D:7)
  Blork the orc (D:4)
  A scorpion (D:6)
  2 bullfrogs
  A wyvern skeleton (D:7)
  A killer bee (D:8)
  4 howler monkeys
  2 wights (D:9)
  An electric eel (D:9)
  4 crimson imps (D:6)
  A centaur zombie (D:6)
  A bullfrog skeleton (D:4)
  2 orc priests
  A hound (D:4)
  An iguana (D:6)
  Jessica (D:3)
  4 orc wizards
  A howler monkey skeleton (D:4)
  14 gnolls
  6 adders
  An adder zombie (D:5)
  3 dart slugs
  12 orcs
  6 ball pythons
  6 endoplasms
  2 giant cockroaches
  7 hobgoblins
  A jackal (D:6)
  3 quokkas
  6 bats
  3 frilled lizards
  7 goblins
  9 kobolds
  2 rats
138 creatures vanquished.

Vanquished Creatures (others)
  A centaur (D:7)
  A kobold brigand (D:7)
  A gnoll sergeant (D:7)
  An orc priest (D:5)
  13 jellies
  3 orc wizards
  A killer bee zombie (D:5)
  7 gnolls
  5 orcs (D:5)
  A giant cockroach (D:4)
  A goblin (D:4)
  6 kobolds
  A quokka (D:5)
42 creatures vanquished.

Grand Total: 180 creatures vanquished

Notes
Turn   | Place    | Note
-------+----------+-------------------------------------------
     0 | D:1      | ytrimaz the Octopode Transmuter began the quest for the
                  | Orb.
     0 | D:1      | Reached XP level 1. HP: 13/13 MP: 3/3
   388 | D:1      | Reached XP level 2. HP: 11/18 MP: 3/5
   496 | D:1      | Found Lybaire's Armour Emporium.
   510 | D:1      | Learned a level 2 spell: Wereblood
   917 | D:1      | Found a faded altar of an unknown god.
  1634 | D:2      | Reached XP level 3. HP: 10/23 MP: 4/6
  1638 | D:2      | Learned a level 3 spell: Spider Form
  1886 | D:2      | You fall into a shaft and drop 1 floor!
  2212 | D:2      | Reached XP level 4. HP: 28/28 MP: 3/8
  3242 | D:3      | Noticed Jessica
  3251 | D:3      | Killed Jessica
  3610 | D:4      | Noticed Blork the orc
  3624 | D:4      | Killed Blork the orc
  3625 | D:4      | Reached skill level 4 in Unarmed Combat
  3625 | D:4      | Reached XP level 5. HP: 8/34 MP: 3/10
  3987 | D:4      | Found a staircase to the Ecumenical Temple.
  4001 | D:4      | Reached XP level 6. HP: 29/41 MP: 11/11
  4013 | Temple   | Entered the Ecumenical Temple
  4223 | Temple   | Became a worshipper of Jiyva Jeosh the Shapeless
  4295 | D:4      | Noticed Edmund
  4319 | D:4      | Killed Edmund
  4486 | D:4      | Found Effanil's Jewellery Emporium.
  4486 | D:4      | Found Odaehupp's Antique Armour Shop.
  4625 | D:4      | Got the Catalogue of the Congealing Rocks
  4740 | D:5      | Entered Level 5 of the Dungeon
  4782 | D:5      | Found Igofiv Pina's Weapon Shoppe.
  4821 | D:5      | Found a bloodstained altar of Trog.
  4837 | D:5      | Reached XP level 7. HP: 21/46 MP: 0/13
  5005 | D:5      | Noticed a wyvern
  5048 | D:5      | Reached skill level 1 in Poison Magic
  5475 | D:5      | Reached * piety under Jiyva
  5820 | D:5      | Killed a wyvern
  5972 | D:6      | Reached ** piety under Jiyva
  5981 | D:6      | Reached skill level 5 in Spellcasting
  6046 | D:6      | Learned a level 3 spell: Ozocubu's Armour
  6050 | D:6      | Reached XP level 8. HP: 52/52 MP: 15/15
  6086 | D:6      | Found a white marble altar of Elyvilon.
  6111 | D:6      | HP: 1/53 [orc priest/divine providence (15)]
  6124 | D:5      | Reached skill level 5 in Unarmed Combat
  6562 | D:6      | Found a shimmering altar of Xom.
  6582 | D:6      | Reached skill level 5 in Transmutations
  6680 | D:6      | Found a sacrificial altar of Ru.
  6751 | D:6      | Learned a level 4 spell: Ice Form
  6769 | D:6      | Found a glowing silver altar of Zin.
  6770 | D:6      | Noticed an angel
  6790 | D:6      | Noticed Prince Ribbit
  6817 | D:6      | Killed Prince Ribbit
  6818 | D:6      | Reached XP level 9. HP: 58/59 MP: 17/17
  6935 | D:7      | Noticed a cyclops
  6952 | D:7      | Reached skill level 6 in Unarmed Combat
  7073 | D:7      | Killed a cyclops
  7293 | D:7      | Reached *** piety under Jiyva
  7599 | D:8      | Found a broken altar of Ashenzari.
  7702 | D:8      | Gained mutation: Your skin blends seamlessly with your
                  | surroundings (Stealth++). [Jiyva's grace]
  7702 | D:8      | Gained mutation: Your skin perfectly mimics your
                  | surroundings (Stealth+++). [Jiyva's grace]
  7702 | D:8      | Gained mutation: Your body has grown eyes which may confuse
                  | attackers. (Acc +3) [Jiyva's grace]
  7702 | D:8      | Gained mutation: Your body has grown many eyes which may
                  | confuse attackers. (Acc +5) [Jiyva's grace]
  7835 | D:8      | Found a large runed translucent door.
  7835 | D:8      | Found a large runed translucent door.
  7838 | D:8      | Noticed a two-headed ogre
  7860 | D:8      | Killed a two-headed ogre
  7861 | D:8      | Reached skill level 5 in Fighting
  7861 | D:8      | Reached skill level 7 in Unarmed Combat
  7928 | D:8      | Noticed a two-headed ogre
  7943 | D:8      | Killed a two-headed ogre
  7944 | D:8      | Reached XP level 10. HP: 50/67 MP: 20/20
  7972 | D:8      | Noticed a gargoyle
  8028 | D:8      | Reached **** piety under Jiyva
  8182 | D:8      | Reached skill level 8 in Unarmed Combat
  8330 | D:8      | Killed a gargoyle
  8472 | D:8      | Found a glowing golden altar of the Shining One.
  8484 | D:8      | Found a radiant altar of Vehumet.
  8624 | D:9      | HP: 2/81 [centaur/arrow (11)]
  8625 | D:9      | Shot with an arrow by a centaur

Illustrated notes

Levels and vault maps discovered:
D:1:      dpeg_arrival_concentric_ovals, layout_basic, serial_shops,
          nicolae_shop_trees, hellmonk_ecumenical_altar_lost_god
D:2:      layout_rooms
D:3:      layout_loops_ring, nrook_campfire, uniq_jessica
D:4:      layout_rooms, minmay_temple_entry_drinking_statues, nrook_mini_vaults,
          nicolae_wooded_promenade, amcnicky_mini_rare_corridor_liquid,
          lemuel_flame_loot_1, uniq_blork_the_orc, uniq_edmund
D:5:      layout_loops_ring, trog_antimagical, serial_shops,
          nicolae_shop_bloodbath_and_beyond
D:6:      layout_rooms, led_xom_imps, zin_angel,
          nicolae_ru_great_annihilating_truth, overflow_temple_1_default,
          minmay_misc_feat_plants, uniq_prince_ribbit1
D:7:      layout_loops_ring
D:8:      layout_basic, general_overflow_altar, jmf_multi_god_temple2
D:9:      layout_basic, grunt_qazlal_sundering, lair_entry_dummy
Temple:   pf_slime_end_temple

Skill      XL: |  1  2  3  4  5  6  7  8  9 10 |
---------------+-------------------------------+-----
Spellcasting   | 3 4 5 7 |  7.4
Unarmed Combat | 4 5 7 8 |  8.4
Transmutations | 3 4 5 6 7 |  7.2
Fighting       | 2 3 4 5 |  5.9
Poison Magic   | 1 3 4 |  4.0
Dodging        | 3 4 |  4.1

Action                   |  1- 3 |  4- 6 |  7- 9 | 10-12 || total
-------------------------+-------+-------+-------+-------++-------
Melee: Unarmed           |    76 |    88 |   252 |    64 ||   480
       Constrict         |    15 |    14 |    11 |     1 ||    41
       Tentacles         |     9 |     8 |     3 |     2 ||    22
       Kick              |     3 |    11 |     6 |     1 ||    21
       Punch             |     1 |     1 |     1 |     1 ||     4
 Cast: Beastly Appendage |    13 |    28 |     7 |     1 ||    49
       Spider Form       |     2 |     6 |    23 |     4 ||    35
       Wereblood         |       |     1 |     5 |     2 ||     8
       Ice Form          |       |       |       |     5 ||     5
  Use: Scroll            |     5 |     3 |     3 |     2 ||    13
       Potion            |       |       |     1 |     1 ||     2
 Stab: Sleeping          |     4 |     6 |     2 |     1 ||    13
       Paralysed         |       |       |     1 |       ||     1
Armor: Skin              |    12 |     6 |    10 |    12 ||    40
Dodge: Dodged            |    84 |    70 |   222 |    75 ||   451

Table legend: (Time is in decaauts)
 A = Elapsed time spent in this place.
 B = Non-inter-level travel time spent in this place.
 C = Inter-level travel time spent in this place.
 D = Time resting spent in this place.
 E = Time spent auto-exploring this place.
 F = Levels seen in this place.
 G = Mean time per level.
                   A        B        C        D        E       F      G
               +--------+--------+--------+--------+--------+-----+--------+
         Total |   8591 |   8332 |    259 |   1192 |   5646 |  10 |  859.1 |
       Dungeon |   8365 |   8117 |    248 |   1192 |   5452 |   9 |  929.4 |
        Temple |    225 |    214 |     11 |      0 |    194 |   1 |  225.0 |
               +--------+--------+--------+--------+--------+-----+--------+

Top non-repeatable levels by time:
     D:1: 1575 daAuts
     D:5: 1220 daAuts
     D:4: 1152 daAuts
     D:2: 1130 daAuts
     D:8: 929 daAuts
     D:3: 897 daAuts
     D:6: 730 daAuts
     D:7: 622 daAuts
  Temple: 225 daAuts
     D:9: 108 daAuts
